 Dungeon Crawl Stone Soup version 0.26-a0-540-g8a0c9464d7 (webtiles) character file.

Game seed: 12376484844299963001

27269 kobby the Blocker (level 13, -5/104 HPs)
             Began as a Gnoll Fighter on Aug 24, 2020.
             Was a Priest of the Shining One.
             Slain by a cane toad (18 damage)
             ... on level 5 of the Lair of Beasts.
             The game lasted 00:32:48 (14420 turns).

kobby the Blocker (Gnoll Fighter)                  Turns: 14420, Time: 00:32:49

Health: -5/104     AC: 20    Str: 19 (20) XL:     13   Next: 31%
Magic:  25/25      EV: 11    Int: 11 (12) God:    the Shining One [***...]
Gold:   1179       SH: 13    Dex: 17      Spells: 28/28 levels left

rFire    . . .     SeeInvis .   a - +1 war axe (flame)
rCold    + . .     Faith    .   c - +1 kite shield
rNeg     + . .     Spirit   .   o - +3 chain mail {rPois}
rPois    +         Reflect  .   K - +2 hat
rElec    .         Harm     .   (no cloak)
rCorr    .         Rnd*Rage +   z - +0 pair of gloves
MR       ++...                  n - +1 pair of boots
Stlth    +.........             F - amulet of regeneration
HPRegen  0.67/turn              B - ring of protection from cold
MPRegen  0.19/turn              C - ring of protection from magic

@: lethally poisoned (-5 -> -6), glowing
A: distributed training, fangs 1, agile 1, berserk 1, magic resistance 1, weak
1, strong nose
a: Divine Shield, Renounce Religion


You were on level 5 of the Lair of Beasts.
You worshipped the Shining One.
The Shining One was most pleased with you.
You visited 3 branches of the dungeon, and saw 17 of its levels.

You collected 1179 gold pieces.

Inventory:

Hand Weapons
 a - a +1 war axe of flaming (weapon)
 G - the +11 dagger "Xekah" {drain, rElec Stlth+}
   (You found it on level 9 of the Dungeon)

   A truly terrible weapon, it drains the life of those it strikes.
   It insulates you from electricity.
   It makes you more stealthy.
   The Shining One disapproves of the use of such an item.
 O - the +4 dagger of Prudence {flame, +Fly rF- Str+7 Stlth-}
   (You found it on level 1 of the Lair of Beasts)

   It has been specially enchanted to burn those struck by it, causing extra
   injury to most foes and up to half again as much damage against particularly
   susceptible opponents.
   It affects your strength (+7).
   It makes you vulnerable to fire.
   It lets you fly.
   It makes you less stealthy.
 T - the +6 falchion of the Fray {vamp, rPois rF+ Dex+6}
   (You found it on level 1 of the Lair of Beasts)

   It inflicts no extra harm, but heals its wielder when it wounds a living foe.
   It affects your dexterity (+6).
   It protects you from fire.
   It protects you from poison.
   The Shining One disapproves of the use of such an item.
Armour
 c - a +1 kite shield (worn)
 n - a +1 pair of boots (worn)
 o - a +3 chain mail of poison resistance (worn)
 z - a +0 pair of gloves (worn)
 K - a +2 hat (worn)
Jewellery
 b - an uncursed amulet of reflection {unknown}
 k - an uncursed ring of teleportation
 p - an uncursed ring of flight
 B - a ring of protection from cold (left hand)
 C - a ring of protection from magic (right hand)
 F - an amulet of regeneration (around neck)
 H - an uncursed ring of poison resistance
 S - a +4 ring of protection
 U - an uncursed ring of protection from cold
Wands
 s - a wand of acid (12)
 D - a wand of flame (20)
 P - a wand of iceblast (19)
 Q - a wand of disintegration (12)
Scrolls
 e - 9 scrolls of identify
 t - 9 scrolls of remove curse
 u - a scroll of silence
 v - 2 scrolls of magic mapping
 J - 2 scrolls of teleportation
 V - 2 scrolls of holy word
 X - a scroll of enchant armour
Potions
 d - 4 potions of might
 f - a potion of ambrosia {unknown}
 g - 2 potions of haste
 h - 2 potions of brilliance
 j - a potion of degeneration
 l - 8 potions of curing
 q - 5 potions of lignification
 w - 3 potions of flight
 E - 2 potions of magic


   Skills:
 + Level 10.4 Fighting
 + Level 8.2 Short Blades
 + Level 8.2 Long Blades
 + Level 9.4 Axes
 + Level 8.2 Maces & Flails
 + Level 8.2 Polearms
 + Level 8.2 Staves
 + Level 8.2 Slings
 + Level 8.2 Bows
 + Level 8.2 Crossbows
 + Level 8.2 Throwing
 + Level 10.4 Armour
 + Level 8.2 Dodging
 + Level 8.2 Stealth
 + Level 10.4 Shields
 + Level 8.2 Unarmed Combat
 + Level 8.2 Spellcasting
 + Level 6.8 Conjurations
 + Level 6.8 Hexes
 + Level 6.8 Summonings
 + Level 6.8 Necromancy
 + Level 6.8 Translocations
 + Level 6.8 Transmutations
 + Level 6.8 Fire Magic
 + Level 6.8 Ice Magic
 + Level 6.8 Air Magic
 + Level 6.8 Earth Magic
 + Level 6.8 Poison Magic
 + Level 9.0 Invocations
 + Level 8.2 Evocations


You had 28 spell levels left.
You didn't know any spells.
Your spell library contained the following spells:

 Spells                   Type           Power        Failure   Level
 Corona                   Hex            ###....      13%         1
 Ensorcelled Hibernation  Hex/Ice        ###...       19%         2
 Confusing Touch          Hex            ###.....     36%         3
 Dazzling Flash           Conj/Hex       ###...       36%         3
 Gell's Gravitas          Tloc           ###.......   36%         3
 Tukima's Dance           Hex            ###.....     36%         3
 Petrify                  Tmut/Erth      ###.....     77%         4
 Bolt of Magma            Conj/Fire/Erth ###.......   98%         5
 Iskenderun's Battlesphe  Conj           ###.....     98%         5
 Metabolic Englaciation   Hex/Ice        ###.......   98%         5
 Yara's Violent Unravell  Hex/Tmut       ###.......   98%         5
 Iron Shot                Conj/Erth      ###.......   100%        6
 Orb of Destruction       Conj           ###.......   100%        7
 Spellforged Servitor     Conj/Summ      ###.......   100%        7


Dungeon Overview and Level Annotations

Branches:
Dungeon (11/15)            Temple (1/1) D:5            Lair (5/6) D:11
 Shoals (0/4) Lair:2       Spider (0/4) Lair:2        Slime (0/5) Lair:5
    Orc (0/2) D:9

Altars:
Ashenzari
Cheibriados
Dithmenos
Elyvilon
Fedhas
Gozag
Hepliaklqana
Kikubaaqudgha
Makhleb
Nemelex Xobeh
Okawaru
Qazlal
Ru
Sif Muna
Trog
Uskayaw
Vehumet
Wu Jian
Xom
Yredelemnul
Zin
The Shining One
Beogh
Jiyva

Shops:
D:11 [

Annotations:
Lair:1 exclusion: oklob plant


Innate Abilities, Weirdness & Mutations

Your experience applies equally to all skills.
You have very sharp teeth.
Your uncanny sense of smell can sniff out nearby items.
You are agile. (Dex +2)
You tend to lose your temper in combat.
You are resistant to hostile enchantments. (MR+)
You are weak. (Str -2)


Message History

You hit the cane toad. You burn the cane toad.
The cane toad is severely wounded.
You slash the komodo dragon! You burn the komodo dragon.
You feel sick. You block the cane toad's attack.
The komodo dragon closely misses you. The komodo dragon bites you!!
You block the cane toad's attack.
You hit the cane toad but do no damage.
You bite the cane toad, but do no damage.
The cane toad is severely wounded.
You hit the komodo dragon. You burn the komodo dragon.
You feel sick. The cane toad stings you. The komodo dragon bites you!
You hit the cane toad but do no damage.
The cane toad is severely wounded.
You hit the komodo dragon but do no damage.
You feel sick. You block the cane toad's attack. The komodo dragon bites you!!
* * * LOW HITPOINT WARNING * * *
You hit the cane toad but do no damage.
The cane toad is severely wounded.
You hit the komodo dragon but do no damage.
You feel sick. The cane toad stings you!!
You die...

##.PP...### #..#
###...#.#### . #..
##..##...# #. #
####+##..P# .# .#
#.........####.#+#..#
####..........##........
..##.........P#P......#
..###........P#..l....#.
...##........###@F......
#...+...)...............
##.#....................
####.........P........#
#..P..##########.###
##....# ## #.....#
#...### ....#


You could see a komodo dragon and a cane toad.

Vanquished Creatures
  Gastronok (D:11)
  A hydra (Lair:4)
  A death knight (D:11)
  A queen ant (Lair:2)
  4 two-headed ogres
  2 unseen horrors (D:11)
  2 ugly things (D:11)
  A merfolk siren (Lair:2)
  3 black mambas
  8 cane toads
  A centaur skeleton (D:11)
  A rime drake (Lair:4)
  9 komodo dragons
  A polar bear (Lair:2)
  2 trolls (D:9)
  A hornet (D:7)
  4 blink frogs (Lair:4)
  2 hippogriffs
  2 wyverns
  A wraith (D:11)
  6 yaks (D:7)
  A shadow (D:11)
  A basilisk (Lair:3)
  Grum (D:9)
  2 acid dragons
  5 soldier ants (Lair:2)
  10 water moccasins
  3 porcupines
  An ice beast (D:10)
  6 orc warriors
  4 phantoms
  2 sky beasts
  2 black bears
  4 wolves (D:9)
  4 centaurs
  6 ogres
  A necrophage (D:7)
  6 crocodiles
  5 big kobolds
  13 bullfrogs
  2 gnoll sergeants (D:9)
  3 scorpions
  3 killer bees (D:11)
  5 wights (D:10)
  2 howler monkeys (D:8)
  A centaur zombie (D:7)
  5 hounds
  5 orc priests
  7 jellies
  Terence (D:2)
  6 iguanas
  11 orc wizards
  35 worker ants
  A killer bee zombie (D:10)
  2 hound skeletons
  15 adders
  16 gnolls
  A howler monkey skeleton (D:7)
  2 shadow imps (D:10)
  2 white imps
  An ufetubus (D:5)
  2 oozes
  2 adder skeletons
  A worm (D:2)
  2 dart slugs
  6 leopard geckos
  62 orcs
  5 bats
  2 giant cockroaches
  6 goblins
  8 hobgoblins
  4 jackals (D:2)
  4 quokkas
  2 ball pythons
  4 frilled lizards
  11 kobolds
  10 rats
  2 fungi
390 creatures vanquished.

Vanquished Creatures (collateral kills)
  A water moccasin (Lair:3)
  A crocodile (Lair:3)
2 creatures vanquished.

Vanquished Creatures (others)
  A fungus (Lair:5)
  18 plants (D:11)
19 creatures vanquished.

Grand Total: 411 creatures vanquished

Notes
Turn   | Place    | Note
-------+----------+-------------------------------------------
     0 | D:1      | kobby the Gnoll Fighter began the quest for the Orb.
     0 | D:1      | Reached XP level 1. HP: 23/23 MP: 1/1
   316 | D:1      | Reached XP level 2. HP: 26/29 MP: 2/2
   782 | D:2      | Found a shimmering altar of Xom.
   821 | D:2      | Reached XP level 3. HP: 33/35 MP: 3/3
  1019 | D:2      | Reached skill level 1 in Invocations
  1179 | D:2      | Noticed Terence
  1192 | D:2      | Reached skill level 1 in Short Blades
  1192 | D:2      | Reached skill level 1 in Long Blades
  1192 | D:2      | Reached skill level 1 in Maces & Flails
  1192 | D:2      | Reached skill level 1 in Polearms
  1192 | D:2      | Reached skill level 1 in Staves
  1192 | D:2      | Reached skill level 1 in Slings
  1192 | D:2      | Reached skill level 1 in Bows
  1192 | D:2      | Reached skill level 1 in Crossbows
  1192 | D:2      | Reached skill level 1 in Throwing
  1192 | D:2      | Reached skill level 1 in Dodging
  1192 | D:2      | Reached skill level 1 in Stealth
  1192 | D:2      | Reached skill level 1 in Unarmed Combat
  1192 | D:2      | Reached skill level 1 in Spellcasting
  1192 | D:2      | Reached skill level 1 in Evocations
  1195 | D:2      | Killed Terence
  1195 | D:2      | Reached XP level 4. HP: 33/41 MP: 5/5
  1379 | D:2      | Reached skill level 1 in Conjurations
  1379 | D:2      | Reached skill level 1 in Hexes
  1379 | D:2      | Reached skill level 1 in Summonings
  1379 | D:2      | Reached skill level 1 in Necromancy
  1379 | D:2      | Reached skill level 1 in Translocations
  1379 | D:2      | Reached skill level 1 in Transmutations
  1379 | D:2      | Reached skill level 1 in Fire Magic
  1379 | D:2      | Reached skill level 1 in Ice Magic
  1379 | D:2      | Reached skill level 1 in Air Magic
  1379 | D:2      | Reached skill level 1 in Earth Magic
  1379 | D:2      | Reached skill level 1 in Poison Magic
  1676 | D:3      | Noticed a +0 hand axe
  1677 | D:3      | Noticed a +0 hand axe
  1681 | D:3      | Found a hide-covered altar of Uskayaw.
  1705 | D:3      | Reached XP level 5. HP: 45/47 MP: 6/6
  2177 | D:3      | Found a shimmering blue altar of Sif Muna.
  2177 | D:3      | Found a radiant altar of Vehumet.
  2184 | D:3      | Found a sacrificial altar of Ru.
  2526 | D:4      | Reached XP level 6. HP: 45/53 MP: 8/8
  2817 | D:4      | Reached skill level 5 in Axes
  3142 | D:5      | Entered Level 5 of the Dungeon
  3187 | D:5      | Found a staircase to the Ecumenical Temple.
  3196 | D:5      | Reached XP level 7. HP: 44/59 MP: 10/10
  3377 | Temple   | Entered the Ecumenical Temple
  3415 | Temple   | Became a worshipper of the Shining One
  4146 | D:6      | Reached XP level 8. HP: 67/67 MP: 12/12
  4643 | D:7      | Reached XP level 9. HP: 70/72 MP: 14/14
  4991 | D:7      | Reached * piety under the Shining One
  5122 | D:7      | Noticed a two-headed ogre
  5123 | D:7      | Noticed a hornet
  5137 | D:7      | Killed a two-headed ogre
  5137 | D:7      | Reached skill level 5 in Invocations
  5161 | D:7      | Reached XP level 10. HP: 34/80 MP: 17/17
  5176 | D:7      | Reached skill level 5 in Short Blades
  5176 | D:7      | Reached skill level 5 in Long Blades
  5176 | D:7      | Reached skill level 5 in Maces & Flails
  5176 | D:7      | Reached skill level 5 in Polearms
  5176 | D:7      | Reached skill level 5 in Staves
  5176 | D:7      | Reached skill level 5 in Slings
  5176 | D:7      | Reached skill level 5 in Bows
  5176 | D:7      | Reached skill level 5 in Crossbows
  5176 | D:7      | Reached skill level 5 in Throwing
  5176 | D:7      | Reached skill level 5 in Dodging
  5176 | D:7      | Reached skill level 5 in Stealth
  5176 | D:7      | Reached skill level 5 in Unarmed Combat
  5176 | D:7      | Reached skill level 5 in Spellcasting
  5176 | D:7      | Reached skill level 5 in Evocations
  6888 | D:9      | Noticed a two-headed ogre
  6906 | D:9      | Killed a two-headed ogre
  7029 | D:9      | Noticed Grum
  7050 | D:9      | Killed Grum
  7281 | D:9      | Reached ** piety under the Shining One
  7287 | D:9      | Reached XP level 11. HP: 86/87 MP: 19/19
  7426 | D:9      | Got a dazzling dagger
  7537 | D:9      | Found a staircase to the Orcish Mines.
  7596 | D:9      | Reached skill level 5 in Conjurations
  7596 | D:9      | Reached skill level 5 in Hexes
  7596 | D:9      | Reached skill level 5 in Summonings
  7596 | D:9      | Reached skill level 5 in Necromancy
  7596 | D:9      | Reached skill level 5 in Translocations
  7596 | D:9      | Reached skill level 5 in Transmutations
  7596 | D:9      | Reached skill level 5 in Fire Magic
  7596 | D:9      | Reached skill level 5 in Ice Magic
  7596 | D:9      | Reached skill level 5 in Air Magic
  7596 | D:9      | Reached skill level 5 in Earth Magic
  7596 | D:9      | Reached skill level 5 in Poison Magic
  7817 | D:10     | Entered Level 10 of the Dungeon
  7817 | D:10     | Noticed a two-headed ogre
  7822 | D:10     | Killed a two-headed ogre
  8072 | D:10     | Noticed a two-headed ogre
  8084 | D:10     | Killed a two-headed ogre
  8208 | D:10     | Found a roughly hewn altar of Beogh.
  8806 | D:11     | Noticed Gastronok
  8810 | D:11     | Reached *** piety under the Shining One
  8828 | D:11     | Killed Gastronok
  8917 | D:11     | Noticed a death knight
  8938 | D:11     | Killed a death knight
  9063 | D:11     | Found Sytahy's Antique Armour Boutique.
  9114 | D:11     | Reached XP level 12. HP: 96/96 MP: 22/22
  9657 | D:11     | Found a staircase to the Lair.
  9701 | Lair:1   | Entered Level 1 of the Lair of Beasts
  9744 | Lair:1   | Got a fading dagger
  9745 | Lair:1   | Identified the +11 dagger "Xekah" {drain, rElec Stlth+}
                  | (You found it on level 9 of the Dungeon)
  9746 | Lair:1   | Identified the +4 dagger of Prudence {flame, +Fly rF- Str+7
                  | Stlth-} (You found it on level 1 of the Lair of Beasts)
  9858 | Lair:1   | Found a burning altar of Makhleb.
 10122 | Lair:1   | Got an iridescent falchion
 10123 | Lair:1   | Identified the +6 falchion of the Fray {vamp, rPois rF+
                  | Dex+6} (You found it on level 1 of the Lair of Beasts)
 10908 | Lair:2   | Found a hole to the Spider Nest.
 11416 | Lair:2   | Found a staircase to the Shoals.
 11495 | Lair:2   | Reached skill level 10 in Fighting
 11495 | Lair:2   | Reached skill level 10 in Armour
 11495 | Lair:2   | Reached skill level 10 in Shields
 11590 | Lair:2   | Noticed a queen ant
 11617 | Lair:2   | Killed a queen ant
 12371 | Lair:3   | Gained mutation: You are dopey. (Int -2) [potion of
                  | mutation]
 12371 | Lair:3   | Gained mutation: You expend magic power (3 MP) to
                  | strengthen your wands. [potion of mutation]
 12372 | Lair:3   | Lost mutation: You are dopey. (Int -2) [potion of mutation]
 12372 | Lair:3   | Lost mutation: You expend magic power (3 MP) to strengthen
                  | your wands. [potion of mutation]
 12372 | Lair:3   | Gained mutation: You are weak. (Str -2) [potion of
                  | mutation]
 12372 | Lair:3   | Gained mutation: You are resistant to hostile enchantments.
                  | (MR+) [potion of mutation]
 12372 | Lair:3   | Gained mutation: You have large cloven feet. [potion of
                  | mutation]
 12372 | Lair:3   | Gained mutation: You are agile. (Dex +2) [potion of
                  | mutation]
 12373 | Lair:3   | Lost mutation: You have large cloven feet. [potion of
                  | mutation]
 12373 | Lair:3   | Lost mutation: You are agile. (Dex +2) [potion of mutation]
 12373 | Lair:3   | Gained mutation: You tend to lose your temper in combat.
                  | [potion of mutation]
 12373 | Lair:3   | Gained mutation: You are agile. (Dex +2) [potion of
                  | mutation]
 12403 | Lair:3   | Reached XP level 13. HP: 56/103 MP: 24/24
 14212 | Lair:5   | Found a viscous altar of Jiyva.
 14213 | Lair:5   | Found a staircase to the Slime Pits.
 14420 | Lair:5   | Slain by a cane toad

Illustrated notes

Levels and vault maps discovered:
D:1:      giann_bridges, layout_basic, minmay_misc_feat_diagonals
D:2:      minmay_general_purpose_star, layout_basic, xom_teletrap_fun,
          uniq_terence
D:3:      layout_basic, dancing_weapons_uskayaw, minitemple, st_stairs_5,
          roderic_lattice_a
D:4:      layout_cave_pools
D:5:      layout_cave_pools, minmay_temple_entry_glassed_door,
          kennysheep_generic_room_2
D:6:      layout_basic
D:7:      minmay_the_grid_octo_tiled_octocenter
          [minmay_the_grid_octo_fan_narrow, minmay_the_grid_octo_thin_diamonds,
          minmay_the_grid_octo_77, minmay_the_grid_octo_tetromino_candy,
          minmay_the_grid_octo_prize_square_snowflake,
          minmay_the_grid_square_5x5_n_small, minmay_the_grid_square_5x5_slash,
          minmay_the_grid_square_5x5_checkered_statues,
          minmay_the_grid_square_5x5_bracketed], layout_gridville,
          minmay_unpleasant_kobolds
D:8:      layout_loops_cross
D:9:      layout_loops_corners, kennysheep_orc_monster_closet_entryway,
          uniq_grum
D:10:     layout_roguey [special_room_orc], grunt_decor_mini_mirrors
D:11:     layout_long_grid, david_lair_shrubbed, serial_shops,
          nicolae_shop_statue_plus, uniq_gastronok
Temple:   minmay_crystal_spiral_temple
Lair:1:   layout_layer_cave, lemuel_oklob_altar, grunt_megastairs_2
Lair:2:   layout_regular_city, elwin_shoals_entry_rooms,
          spider_nest_entry_web_field, zaba_antful_of_joy
Lair:3:   layout_hall_layers, minivault_27, beast_lair_carwin_9,
          grunt_megastairs_5
Lair:4:   layout_gridlike, cheibrodos_lair_reptile_den
Lair:5:   layout_roguey, slime_altar_1

Skill      XL: |  1  2  3  4  5  6  7  8  9 10 11 12 13 |
---------------+----------------------------------------+-----
Invocations    | 1 2 3 4 5 6 7 8 9 |  9.0
Short Blades   | 1 2 3 4 5 6 7 8 |  8.2
Long Blades    | 1 2 3 4 5 6 7 8 |  8.2
Maces & Flails | 1 2 3 4 5 6 7 8 |  8.2
Polearms       | 1 2 3 4 5 6 7 8 |  8.2
Staves         | 1 2 3 4 5 6 7 8 |  8.2
Slings         | 1 2 3 4 5 6 7 8 |  8.2
Bows           | 1 2 3 4 5 6 7 8 |  8.2
Crossbows      | 1 2 3 4 5 6 7 8 |  8.2
Throwing       | 1 2 3 4 5 6 7 8 |  8.2
Dodging        | 1 2 3 4 5 6 7 8 |  8.2
Stealth        | 1 2 3 4 5 6 7 8 |  8.2
Unarmed Combat | 1 2 3 4 5 6 7 8 |  8.2
Spellcasting   | 1 2 3 4 5 6 7 8 |  8.2
Evocations     | 1 2 3 4 5 6 7 8 |  8.2
Conjurations   | 1 2 3 4 5 6 |  6.8
Hexes          | 1 2 3 4 5 6 |  6.8
Summonings     | 1 2 3 4 5 6 |  6.8
Necromancy     | 1 2 3 4 5 6 |  6.8
Translocations | 1 2 3 4 5 6 |  6.8
Transmutations | 1 2 3 4 5 6 |  6.8
Fire Magic     | 1 2 3 4 5 6 |  6.8
Ice Magic      | 1 2 3 4 5 6 |  6.8
Air Magic      | 1 2 3 4 5 6 |  6.8
Earth Magic    | 1 2 3 4 5 6 |  6.8
Poison Magic   | 1 2 3 4 5 6 |  6.8
Axes           | 5 6 7 8 9 |  9.4
Fighting       | 7 8 9 10 | 10.4
Armour         | 7 8 9 10 | 10.4
Shields        | 7 8 9 10 | 10.4

Action                   |  1- 3 |  4- 6 |  7- 9 | 10-12 | 13-15 || total
-------------------------+-------+-------+-------+-------+-------++-------
Melee: War axe           |    79 |   118 |   215 |   788 |   111 ||  1311
       Bite              |     7 |    11 |    30 |   116 |     9 ||   173
  Use: Scroll            |       |     9 |       |    23 |     1 ||    33
       Potion            |       |       |     4 |    11 |     1 ||    16
Armor: Scale mail        |    54 |       |       |       |       ||    54
       Chain mail        |       |    85 |   115 |   291 |    49 ||   540
Dodge: Dodged            |    30 |    32 |    65 |   247 |    47 ||   421
Block: Kite shield       |    71 |    84 |   149 |   475 |    87 ||   866

Table legend: (Time is in decaauts)
 A = Elapsed time spent in this place.
 B = Non-inter-level travel time spent in this place.
 C = Inter-level travel time spent in this place.
 D = Time resting spent in this place.
 E = Time spent auto-exploring this place.
 F = Levels seen in this place.
 G = Mean time per level.
                   A        B        C        D        E       F      G
               +--------+--------+--------+--------+--------+-----+--------+
         Total |  14645 |  14077 |    568 |   1277 |   9537 |  17 |  861.5 |
       Dungeon |   9698 |   9358 |    340 |    900 |   6060 |  11 |  881.6 |
        Temple |    170 |     87 |     83 |      0 |     78 |   1 |  170.0 |
          Lair |   4776 |   4631 |    145 |    377 |   3398 |   5 |  955.2 |
               +--------+--------+--------+--------+--------+-----+--------+

Top non-repeatable levels by time:
     D:7: 1651 daAuts
  Lair:2: 1235 daAuts
     D:9: 1218 daAuts
  Lair:3: 1126 daAuts
  Lair:4: 1039 daAuts
  Lair:1: 1038 daAuts
    D:10: 988 daAuts
    D:11: 915 daAuts
     D:2: 899 daAuts
     D:3: 825 daAuts
     D:4: 780 daAuts
     D:1: 695 daAuts
     D:5: 604 daAuts
     D:8: 600 daAuts
     D:6: 521 daAuts
